[Event "WYCC 2018 O14"]
[Site "Halkidiki"]
[Date "2018.10.30"]
[Round "11"]
[White "Ibarra, Juan Martin"]
[Black "Mishra, Abhimanyu"]
[Result "1/2-1/2"]
[ECO "B44"]
[WhiteElo "1899"]
[BlackElo "2149"]
[Annotator "NA"]
[PlyCount "90"]
[EventDate "2018.10.20"]
[EventType "swiss"]
[EventCountry "GRE"]
[SourceTitle "playchess.com"]
[Source "ChessBase"]
[SourceQuality "1"]
[TimeControl "40/5400+30:1800+30"]

1. e4 c5 2. Nf3 e6 3. d4 cxd4 4. Nxd4 Nc6 5. Nb5 d6 6. c4 a6 7. N5c3 Nf6 8. Be2 {[%emt 0:00:37] B44: Sicilian: Taimanov: 5 Nb5} Ne5 9. Bf4 Qc7 10. O-O Be7 11. Nd2 O-O 12. Rc1 b6 13. a3 $146 ({Predecessor:} 13. Bg3 Bb7 14. f4 Nc6 15. Kh1 Nd4 {1-0 (29) Jumabayev,R (2611)-Stratonowitsch,A (2138) Doha 2016}) 13... Bb7 14. Bg3 Ned7 15. b4 Rac8 16. f4 Qb8 17. Bf3 b5 18. e5 Bxf3 19. Nxf3 Ne8 20. exd6 Nxd6 21. c5 Nf5 22. Qe2 Rfd8 23. Rfd1 Nf6 24. Ne5 Qc7 25. Bf2 h5 26. Ne4 Nd5 27. Qxh5 Nxf4 28. Qxf7+ Kh7 29. Rxd8 Qxd8 30. Re1 Qd5 31. Nd7 Qd3 32. Ne5 Ne2+ 33. Rxe2 Qxe2 34. Qg6+ Kh8 35. Nf7+ Kg8 36. Ng3 Qd1+ 37. Nf1 Rf8 38. Ne5 Qd5 39. Ng4 Rd8 40. c6 (40. Nfe3 $1 $11 {remains equal.} Nxe3 41. Nh6+ (41. Nxe3 Qe5 $17) 41... Kh8 42. Nf7+ Kg8 43. Nh6+ Kh8 44. Nf7+ Kg8 45. Nh6+) 40... Qxc6 (40... Rc8 $17 41. h3 Kh8 42. Qh5+ Nh6 43. Qxd5 exd5) 41. Ne5 Qd5 42. Qf7+ Kh7 43. Qg6+ Kg8 44. Qf7+ $11 Kh7 45. Qg6+ Kg8 1/2-1/2

[Event "WYCC 2018 O14"]
[Site "Halkidiki"]
[Date "2018.10.30"]
[Round "11"]
[White "Ngo, Duc Tri"]
[Black "Van Dael, Siem"]
[Result "1/2-1/2"]
[ECO "B23"]
[WhiteElo "1883"]
[BlackElo "2202"]
[Annotator "NA"]
[PlyCount "80"]
[EventDate "2018.10.20"]
[EventType "swiss"]
[EventCountry "GRE"]
[SourceTitle "playchess.com"]
[Source "ChessBase"]
[SourceQuality "1"]
[TimeControl "40/5400+30:1800+30"]

1. e4 c5 2. Nc3 d6 3. g3 g6 4. Bg2 Bg7 5. Nge2 Nc6 6. O-O Nf6 7. d4 cxd4 8. Nxd4 O-O 9. Nxc6 bxc6 10. e5 {[%emt 0:00:02] B70: Sizilianisch (Drachen-Variante)} dxe5 11. Bxc6 Rb8 12. Qxd8 Rxd8 13. Re1 (13. Ba4 e4 14. Bb3 Bg4 15. Bf4 Rb7 16. Rfe1 Bf3 17. a4 e6 18. Be5 Rd2 19. Bf4 Rd8 20. Be5 Rd2 21. Bf4 {½-½ (21) Vallejo Pons,F (2684)-Edouard,R (2636) Berlin 2015}) 13... Ne8 14. Bg5 $146 ({Vorgänger:} 14. Rb1 Bf5 15. Be4 Nd6 16. Bxf5 Nxf5 17. Ne2 Nd6 {0-1 (26) Sierra Bermejo,G (1661)-Sirera Ripoll,J (1750) Madrid 2014}) 14... f6 15. Rad1 Rxd1 16. Nxd1 Nd6 17. Be3 Bb7 18. Bxb7 Rxb7 19. b3 Nf5 20. c4 Nd4 21. Kg2 f5 22. Nc3 (22. Bxd4 $14 exd4 23. f4) 22... e4 23. Bxd4 Bxd4 24. Nb5 e5 25. Rd1 a6 26. Nxd4 Rd7 27. c5 exd4 28. c6 Rc7 29. Rxd4 Rxc6 30. Rd2 Kf7 31. f3 Ke6 32. Kf2 Rc3 33. fxe4 fxe4 34. Rd4 Rc2+ 35. Ke3 Rxa2 36. Rxe4+ Kd5 37. Rh4 h5 38. g4 Rb2 39. gxh5 Rxb3+ $11 40. Kd2 gxh5 1/2-1/2

[Event "WYCC 2018 O14"]
[Site "Halkidiki"]
[Date "2018.10.30"]
[Round "11"]
[White "Vujovic, Savo"]
[Black "Torngren, Gustav"]
[Result "0-1"]
[ECO "B27"]
[WhiteElo "1781"]
[BlackElo "2107"]
[Annotator "NA"]
[PlyCount "94"]
[EventDate "2018.10.20"]
[EventType "swiss"]
[EventCountry "GRE"]
[SourceTitle "playchess.com"]
[Source "ChessBase"]
[SourceQuality "1"]
[TimeControl "40/5400+30:1800+30"]

1. e4 c5 2. Nf3 g6 3. d4 cxd4 4. Qxd4 Nf6 5. e5 Nc6 6. Qa4 Nd5 7. Qe4 Nb6 {[%emt 0:00:06] B27: Sizilianisch (Frühes Fianchetto)} 8. Bg5 (8. Nc3 Bg7 9. Bf4 d5 10. exd6 Bf5 11. dxe7 Qd7 12. Qe3 Nb4 13. Rc1 Nxc2+ 14. Rxc2 Bxc2 15. Bb5 Bxc3+ 16. Qxc3 Qxb5 17. Qxh8+ Kxe7 {½-½ (22) Ortiz Suarez,I (2548)-Guseinov,G (2654) Barbera del Valles 2018}) 8... Bg7 9. Nc3 d5 10. exd6 Bxc3+ $146 ({Vorgänger:} 10... Qxd6 11. Bb5 Bf5 12. Qe2 O-O 13. O-O Bg4 14. Rad1 Qc7 15. h3 Bxf3 16. Qxf3 {1-0 (51) Sanal,V (2533)-Ivic,V (2345) Zalakaros 2017}) 11. bxc3 Qxd6 12. Bb5 Bf5 13. Bxc6+ bxc6 14. Qd4 Qxd4 15. Nxd4 Bd7 16. O-O f6 17. Bh6 Kf7 18. h4 Na4 19. Rab1 Rab8 20. Ne2 Bf5 21. Rfc1 Rb6 22. Rb3 c5 23. Be3 Rhb8 24. Nf4 c4 25. Ra3 Ra6 26. Nd5 Bd7 27. Nb4 Ra5 28. Kf1 Rb7 29. f3 Be8 30. g3 Rf5 31. Kf2 h5 32. Rd1 Nxc3 33. Rxc3 Rxb4 34. Ra3 a5 35. Bd2 Ra4 36. Bc1 Rxa3 37. Bxa3 Bc6 38. f4 g5 39. Ke3 e5 40. fxg5 Rf3+ 41. Ke2 Rxa3 42. Rf1 Bf3+ 43. Rxf3 Rxf3 44. Kxf3 fxg5 45. Ke4 gxh4 46. gxh4 $19 Ke6 47. c3 a4 {[%emt 0:02:40] Kd4} 0-1

[Event "WYCC 2018 O14"]
[Site "Halkidiki"]
[Date "2018.10.30"]
[Round "11"]
[White "Shinn, Jungmin"]
[Black "Boyer, Mahel"]
[Result "0-1"]
[ECO "B23"]
[WhiteElo "1659"]
[BlackElo "2227"]
[Annotator "NA"]
[PlyCount "88"]
[EventDate "2018.10.20"]
[EventType "swiss"]
[EventCountry "GRE"]
[SourceTitle "playchess.com"]
[Source "ChessBase"]
[SourceQuality "1"]
[TimeControl "40/5400+30:1800+30"]

1. e4 c5 2. Nc3 a6 3. Nge2 b5 4. g3 Bb7 5. Bg2 e6 6. O-O {[%emt 0:00:34] LiveBook: 184 Games} Nf6 7. d3 {[%emt 0:04:58] B23: Closed Sicilian: Lines without g3} d5 (7... b4 8. Na4 d5 9. e5 Nfd7 10. f4 Nc6 11. a3 a5 12. c4 dxc4 13. dxc4 Be7 14. Be3 O-O 15. Qc2 Qc7 16. Be4 g6 17. Rad1 Rfd8 18. Rd2 Rac8 19. Rfd1 Ncb8 {1-0 (19) Gdanski,J (2455)-Kempinski,R (2577) Zgierz 2018}) 8. Bg5 b4 9. Na4 Nbd7 10. exd5 Bxd5 11. Bxd5 exd5 12. d4 c4 13. Qe1 $146 ({Predecessor:} 13. Nf4 Be7 14. Nc5 O-O 15. Nxd7 Qxd7 {0-1 (26) Czebe,A (2458)-Englert,F (2282) Budapest 2013}) 13... Be7 14. Bd2 (14. Nc5 $5) 14... a5 15. a3 bxa3 16. bxa3 O-O 17. Be3 Qc7 18. Nec3 Qc6 19. Qe2 Rab8 20. Ra2 Rfe8 21. Nb2 h6 22. Rb1 Rb7 23. Nbd1 Rxb1 24. Nxb1 Rb8 25. Nbc3 Bd6 26. Qf3 Re8 27. Bd2 Ne4 28. Nxe4 dxe4 29. Qg4 Nf6 30. Qf5 Nd5 31. Ne3 Nxe3 32. Bxe3 a4 33. c3 g6 34. Qh3 h5 35. Qh4 Qb5 36. Re2 Bxa3 37. Bh6 Qf5 38. h3 Bf8 39. Bxf8 Kxf8 40. g4 $2 (40. Qf4 {war die einzige Verteidigung.}) 40... Qf3 41. Re3 Qf4 42. Re1 a3 43. Ra1 e3 $19 44. fxe3 Rxe3 0-1